 Dungeon Crawl Stone Soup version 0.19.0-22-gd96e5fe (webtiles) character file.

172 Melicamp the Conjurer (level 5, -2/28 HPs)
             Began as a Deep Elf Conjurer on Nov 19, 2016.
             Slain by an orc
             ... wielding a +0 trident
              (6 damage)
             ... on level 3 of the Dungeon.
             The game lasted 00:12:37 (3142 turns).

Melicamp the Conjurer (Deep Elf Conjurer)           Turns: 3142, Time: 00:12:37

Health: -2/28      AC: 10    Str:  5    XL:     5   Next: 27%
Magic:  2/14       EV: 13    Int: 20    God:
Gold:   105        SH:  0    Dex: 16    Spells: 2 memorised, 9 levels left

rFire  . . .     SeeInvis .     i - +1 dagger (protect)
rCold  . . .     Gourm    .     j - +0 robe
rNeg   . . .     Faith    .     (no shield)
rPois  .         Spirit   .     (no helmet)
rElec  .         Reflect  .     (no cloak)
rCorr  .         Harm     .     (no gloves)
MR     .....                    k - +0 pair of boots
Stlth  ++........               (no amulet)
                                (no ring)
                                (no ring)

@: about to teleport, protection aura
A: no striking features
a: no special abilities


You were on level 3 of the Dungeon.
You were not hungry.

You visited 1 branch of the dungeon, and saw 3 of its levels.

You collected 105 gold pieces.

Inventory:

Hand Weapons
 i - a +1 dagger of protection (weapon)
Armour
 j - a +0 robe (worn)
 k - a +0 pair of boots (worn)
Scrolls
 d - 2 scrolls of recharging
 o - a scroll of fear {unknown}
Potions
 a - a potion of berserk rage
 e - 2 potions of lignification
 h - a potion of flight
 m - a potion of might {unknown}
 n - a potion of degeneration {unknown}
Books
 b - a book of Conjurations

   Spells                             Type                      Level
   a - Magic Dart                     Conjuration                  1
   b - Searing Ray                    Conjuration                  2
   c - Dazzling Spray                 Conjuration/Hexes            3
   d - Fulminant Prism                Conjuration/Hexes            4
   e - Iskenderun's Mystic Blast      Conjuration                  4
   f - Iskenderun's Battlesphere      Conjuration/Charms           5
Comestibles
 c - 3 bread rations
 f - 5 chunks of flesh
 l - a beef jerky


   Skills:
 - Level 2.4 Dodging
 - Level 2.4 Stealth
 + Level 5.0 Spellcasting
 * Level 6.4 Conjurations


You had 9 spell levels left.
You knew the following spells:

 Your Spells              Type           Power        Failure   Level  Hunger
a - Magic Dart            Conj           ####         1%          1    None
b - Iskenderun's Mystic   Conj           ####....     10%         4    ####...


Dungeon Overview and Level Annotations

Branches:
Dungeon (3/15)

Altars:
Ashenzari
Elyvilon
Ru
The Shining One

Annotations:
D:3 Grinder


Message History

The orc priest looks satisfied for a moment.
Grinder blinks!
As you read the scroll of teleportation, it crumbles to dust.
You feel strangely unstable. Grinder misses you. The orc misses you.
You hit Grinder but do no damage.
Your weapon exudes an aura of protection.
Grinder is severely wounded.
Grinder hits you.
You writhe in agony.
You barely miss Grinder.
Grinder is severely wounded.
The orc misses you.
Grinder says, "Mostly I couldn't keep them alive."
Grinder gestures at you. Pain shoots through your body!
* * * LOW HITPOINT WARNING * * *
You hit Grinder but do no damage.
Grinder is severely wounded.
Grinder blinks!
The orc hits you from afar with a trident.
You die...

≈≈≈≈.≈≈≈≈.# ###.###.#.#.#
..≈≈≈.#≈#.# #.#
#.###.####### <.....≈≈..#
#.# #...........#
..≈≈..≈≈≈## #.#
#..##.#####.# ≈≈≈≈≈≈≈≈≈# #.#
#.>##.# #.# ≈≈≈≈≈≈≈###
#.###..##.# #.# ≈≈≈≈≈≈≈.##
#.#.......# #.# ≈≈#≈≈#≈#.#
#5#.#..#### #.# ≈≈##≈###.#
#@#^#..# #.# #†≈#.##..#
#.#.#..# #.#
.≈≈##.#.########o#.#..# #.#
#.....o.oo.oo#.#..########.#
#.############.#...........#
#.# #.....###########
#..o.....?$. ....###
oo)...##.###. #... #.#.### #
#..


You could see Grinder, an orc priest and 2 orcs.

Vanquished Creatures
  4 adders
  4 gnolls (D:2)
  3 oozes
  An adder zombie (D:1)
  8 dart slugs
  2 orcs (D:3)
  6 bats
  3 giant cockroaches
  8 hobgoblins
  6 jackals
  5 kobolds
  2 quokkas (D:2)
  5 frilled lizards
  6 goblins
  A leopard gecko zombie (D:1)
  6 rats
70 creatures vanquished.

Notes
Turn   | Place    | Note
-------+----------+-------------------------------------------
     0 | D:1      | Melicamp the Deep Elf Conjurer began the quest for the Orb.
     0 | D:1      | Reached XP level 1. HP: 10/10 MP: 6/6
   329 | D:1      | Reached XP level 2. HP: 15/15 MP: 6/8
   451 | D:1      | Reached skill level 5 in Conjurations
   591 | D:1      | Reached XP level 3. HP: 19/19 MP: 1/10
  1503 | D:2      | Reached XP level 4. HP: 24/24 MP: 10/12
  1563 | D:2      | Found a sacrificial altar of Ru.
  1563 | D:2      | Found a shattered altar of Ashenzari.
  1771 | D:2      | Found a white marble altar of Elyvilon.
  2195 | D:2      | Reached skill level 6 in Conjurations
  2490 | D:2      | Reached XP level 5. HP: 28/28 MP: 11/14
  2512 | D:2      | Found a glowing golden altar of the Shining One.
  2609 | D:2      | Learned a level 4 spell: Iskenderun's Mystic Blast
  2978 | D:3      | Reached skill level 5 in Spellcasting
  3116 | D:3      | Noticed Grinder
  3121 | D:3      | Paralysed by Grinder for 4 turns
  3142 | D:3      | Slain by an orc

Skill      XL: |  1  2  3  4  5 |
---------------+----------------+-----
Conjurations   | 5 6 |  6.4
Spellcasting   | 4 5 |  5.0
Dodging        | |  2.4
Stealth        | |  2.4

Action                   |  1- 3 |  4- 6 || total
-------------------------+-------+-------++-------
Melee: Unarmed           |     6 |       ||     6
       Dagger            |    10 |     3 ||    13
 Cast: Magic Dart        |    78 |    68 ||   146
       Iskenderun's Myst |       |     3 ||     3
  Use: Scroll            |     6 |     5 ||    11
 Stab: Sleeping          |     1 |       ||     1
  Eat: Chunk             |     2 |     1 ||     3
       Bread ration      |       |     1 ||     1
Armor: Robe              |     4 |     4 ||     8
Dodge: Dodged            |    21 |     8 ||    29
